 Dungeon Crawl Stone Soup version 0.29-a0-557-g43b9904bd1 (webtiles) character file.

Game seed: 10823496900838340071

56 DocClef the Covert (level 3, -2/35 HPs)
             Began as a Gnoll Delver on June 8, 2022.
             Slain by a phantom (6 damage)
             ... on level 6 of the Dungeon.
             The game lasted 00:00:57 (668 turns).

DocClef the Covert (Gnoll Delver)                    Turns: 668, Time: 00:00:57

Health: -2/35      AC:  3    Str: 13    XL:     3   Next: 97%
Magic:  4/4        EV: 13    Int:  9    God:
Gold:   16         SH:  0    Dex: 13    Spells: 4/4 levels left

rFire   . . .      SeeInvis .   a - +0 short sword
rCold   . . .      Faith    .   (no shield)
rNeg    . . .      Spirit   .   b - +0 leather armour
rPois   .          Reflect  .   (no helmet)
rElec   .          Harm     .   (no cloak)
rCorr   .          Rampage  .   (no gloves)
Will    .....                   (no boots)
Stlth   ++++......              (no amulet)
HPRegen 0.11/turn               (no ring)
MPRegen 0.09/turn               (no ring)

@: no status effects
A: fangs 1, strong nose, distributed training
a: no special abilities


You were on level 6 of the Dungeon.
You visited 1 branch of the dungeon, and saw 2 of its levels.

You collected 16 gold pieces.

Inventory:

Hand Weapons
 a - a +0 short sword (weapon)
Armour
 b - a +0 leather armour (worn)
Wands
 g - a wand of digging (3)
Scrolls
 c - a scroll of fog
 d - a scroll of magic mapping
 e - a scroll of fear
 h - a scroll of enchant armour {unknown}
Potions
 f - a potion of haste


   Skills:
 + Level 6.5 Fighting
 + Level 4.6 Short Blades
 + Level 1.0 Long Blades
 + Level 1.0 Axes
 + Level 1.0 Maces & Flails
 + Level 1.0 Polearms
 + Level 1.0 Staves
 + Level 1.0 Slings
 + Level 1.0 Bows
 + Level 1.0 Crossbows
 + Level 1.0 Throwing
 + Level 1.0 Armour
 + Level 4.6 Dodging
 + Level 9.6 Stealth
 + Level 1.0 Shields
 + Level 1.0 Unarmed Combat
 + Level 1.0 Spellcasting
 + Level 0.7 Conjurations
 + Level 0.7 Hexes
 + Level 0.7 Summonings
 + Level 0.7 Necromancy
 + Level 0.7 Translocations
 + Level 0.7 Transmutations
 + Level 0.7 Fire Magic
 + Level 0.7 Ice Magic
 + Level 0.7 Air Magic
 + Level 0.7 Earth Magic
 + Level 0.7 Poison Magic
 + Level 1.1 Invocations
 + Level 1.0 Evocations


You had 4 spell levels left.
You didn't know any spells.
Your spell library was empty.

Dungeon Overview and Level Annotations

Branches:
Dungeon (6/15)
 Temple: D:4-7

Altars:


Innate Abilities, Weirdness & Mutations

You have very sharp teeth.
Your uncanny sense of smell can sniff out nearby items.
Your experience applies equally to all skills.


Message History

You are too injured to fight recklessly!
You are too injured to fight recklessly!
You are too injured to fight recklessly!
You closely miss the phantom.
The phantom is lightly damaged.
The phantom closely misses you.
You barely miss the phantom.
The phantom is lightly damaged.
The phantom hits you but does no damage.
You barely miss the phantom.
The phantom is lightly damaged.
The phantom hits you.
You closely miss the phantom.
The phantom is lightly damaged.
You hit the phantom.
The phantom is lightly damaged.
The phantom barely misses you.
You barely miss the phantom. You bite the phantom, but do no damage.
The phantom is lightly damaged.
The phantom hits you.
* * * LOW HITPOINT WARNING * * *
You hit the phantom but do no damage.
The phantom is lightly damaged.
The phantom hits you.
* * * LOW HITPOINT WARNING * * *
The phantom blinks!
You blink.
You barely miss the phantom.
The phantom is lightly damaged.
The phantom hits you.
* * * LOW HITPOINT WARNING * * *
The phantom blinks!
You blink.
A gnoll and an orc come into view.
Found 9 gold pieces.
You hit the phantom.
The phantom is moderately damaged.
The phantom barely misses you.
You closely miss the phantom.
The phantom is moderately damaged.
The phantom hits you.
You die...

### ∆ ..# # #.#
#$ #.#
###.##### #.#
o.......# #W#
...o....###§#
g........##W###
.o....W@..<§..#
.........#....#
.........#..#.#
########.####.#
#......#
########


You could see 2 phantoms, a gnoll (asleep) and 3 orcs.

Vanquished Creatures
  A hound (D:5)
  2 adders (D:5)
  A dart slug (D:5)
  2 orcs (D:5)
  A quokka (D:5)
7 creatures vanquished.

Notes
Turn   | Place    | Note
-------+----------+-------------------------------------------
     0 | D:5      | Reached skill level 9 in Stealth
     0 | D:5      | DocClef the Gnoll Delver began the quest for the Orb.
     0 | D:5      | Reached XP level 1. HP: 23/23 MP: 1/1
    24 | D:5      | Reached XP level 2. HP: 19/29 MP: 2/2
   220 | D:5      | Noticed a black bear
   495 | D:5      | Reached skill level 1 in Invocations
   495 | D:5      | Reached XP level 3. HP: 35/35 MP: 2/4
   577 | D:5      | Reached skill level 1 in Long Blades
   577 | D:5      | Reached skill level 1 in Axes
   577 | D:5      | Reached skill level 1 in Maces & Flails
   577 | D:5      | Reached skill level 1 in Polearms
   577 | D:5      | Reached skill level 1 in Staves
   577 | D:5      | Reached skill level 1 in Slings
   577 | D:5      | Reached skill level 1 in Bows
   577 | D:5      | Reached skill level 1 in Crossbows
   577 | D:5      | Reached skill level 1 in Throwing
   577 | D:5      | Reached skill level 1 in Armour
   577 | D:5      | Reached skill level 1 in Shields
   577 | D:5      | Reached skill level 1 in Unarmed Combat
   577 | D:5      | Reached skill level 1 in Spellcasting
   577 | D:5      | Reached skill level 1 in Evocations
   639 | D:6      | Noticed a phantom
   655 | D:6      | Noticed a phantom
   668 | D:6      | Slain by a phantom

Illustrated notes

Levels and vault maps discovered:
D:5:      layout_loops_cross, grunt_ministairs_10, uniq_blork_the_orc
D:6:      layout_basic, kennysheep_boxes

Skill      XL: |  1  2  3 |
---------------+----------+-----
Stealth        | |  9.6
Invocations    | 1 |  1.1
Long Blades    | 1 |  1.0
Axes           | 1 |  1.0
Maces & Flails | 1 |  1.0
Polearms       | 1 |  1.0
Staves         | 1 |  1.0
Slings         | 1 |  1.0
Bows           | 1 |  1.0
Crossbows      | 1 |  1.0
Throwing       | 1 |  1.0
Armour         | 1 |  1.0
Shields        | 1 |  1.0
Unarmed Combat | 1 |  1.0
Spellcasting   | 1 |  1.0
Evocations     | 1 |  1.0
Fighting       | |  6.5
Short Blades   | |  4.6
Dodging        | |  4.6
Conjurations   | |  0.7
Hexes          | |  0.7
Summonings     | |  0.7
Necromancy     | |  0.7
Translocations | |  0.7
Transmutations | |  0.7
Fire Magic     | |  0.7
Ice Magic      | |  0.7
Air Magic      | |  0.7
Earth Magic    | |  0.7
Poison Magic   | |  0.7

Action                   || total
-------------------------++-------
Melee: Short sword       ||    51
       Bite              ||     5
       Punch             ||     1
 Stab: Sleeping          ||     2
Armor: Leather armour    ||     7
Dodge: Dodged            ||    24

Table legend: (Time is in decaauts)
 A = Elapsed time spent in this place.
 B = Non-inter-level travel time spent in this place.
 C = Inter-level travel time spent in this place.
 D = Time resting spent in this place.
 E = Time spent auto-exploring this place.
 F = Levels seen in this place.
 G = Mean time per level.
                   A        B        C        D        E       F      G
               +--------+--------+--------+--------+--------+-----+--------+
         Total |    661 |    661 |      0 |    213 |    266 |   2 |  330.5 |
       Dungeon |    661 |    661 |      0 |    213 |    266 |   2 |  330.5 |
               +--------+--------+--------+--------+--------+-----+--------+

Top non-repeatable levels by time:
     D:5: 634 daAuts
     D:6: 27 daAuts
